 Dungeon Crawl Stone Soup version 0.28-a0-29-g0adfcbbeba (webtiles) character file.

Game seed: 4628484773874763580

15484 Lekart the Carver (level 12, -5/113 HPs)
             Began as a Pale Draconian Chaos Knight on July 27, 2021.
             Was a Plaything of Xom.
             Slain by a red devil (8 damage)
             ... summoned by an orc sorcerer
             ... led by an orc knight
             ... while paralysed by an orc sorcerer
             ... on level 1 of the Orcish Mines.
             The game lasted 00:29:58 (10801 turns).

Lekart the Carver (Pale Draconian Chaos Knight)    Turns: 10801, Time: 00:29:59

Health: -5/113     AC: 16    Str: 25    XL:     12   Next: 1%
Magic:  12/12      EV:  2    Int: 25    God:    Xom [.*....]
Gold:   1124       SH:  0    Dex:  9    Spells: 8/11 levels left

rFire   . . .      SeeInvis +   H - +7 triple sword of the Lusting Oracle {vamp, rElec rPois Int+6 Dex-4 SInv}
rCold   . . .      Faith    .   (shield currently unavailable)
rNeg    + + +      Spirit   .   (armour unavailable)
rPois   +          Reflect  .   K - +1 hat {Int+3}
rElec   +          Harm     .   I - scarf {+Inv}
rCorr   +          Rampage  .   (no gloves)
Will    .....                   j - +2 pair of boots
Stlth   +.........              i - amulet of regeneration
HPRegen 1.28/turn               r - ring "Gidduate" {rN+ Str+5 Int+3}
MPRegen 0.13/turn               p - ring "Dyruar" {rF- rN+++ rCorr AC+4 Str+3}

@: paralysed
A: breathe steam, AC +8, unfitting armour, cold-blooded, steam resistance,
hooves 1, stinger 1, fire resistance 1
a: Breathe Steam, Renounce Religion, Evoke Invisibility


You were on level 1 of the Orcish Mines.
You worshipped Xom.
You were a plaything of Xom.
You visited 2 branches of the dungeon, and saw 13 of its levels.
You also visited: Sewer and Ossuary.

You collected 2872 gold pieces.
You spent 1748 gold pieces at shops.

Inventory:

Hand Weapons
 a - a +3 falchion of chaos
 u - the +11 scimitar of Midsummer {speed, rPois rF+ rCorr Int-3}
   (You acquired it on level 3 of the Dungeon)

   Attacks with this weapon are significantly faster.
   Int:       It affects your intelligence (-3).
   rF:        It protects you from fire.
   rPois:     It protects you from poison.
   rCorr:     It protects you from acid and corrosion.
 H - the +7 triple sword of the Lusting Oracle (weapon) {vamp, rElec rPois Int+6 Dex-4 SInv}
   (You found it on level 6 of the Dungeon)

   It occasionally heals its wielder for a portion of the damage dealt when it
   wounds a living foe.
   Int:       It affects your intelligence (+6).
   Dex:       It affects your dexterity (-4).
   rElec:     It insulates you from electricity.
   rPois:     It protects you from poison.
   SInv:      It lets you see invisible.
 N - a +2 morningstar
Missiles
 f - 6 atropa-tipped darts (quivered)
 M - 3 curare-tipped darts
Armour
 j - a +2 pair of boots (worn)
 z - a +0 kite shield
 I - a scarf of invisibility (worn)
 K - a +1 hat of intelligence (worn)
 L - a scarf of resistance
 P - the +2 pair of gloves of the Realm of Zot {-Cast rElec rC+}
   (You found it on level 1 of the Orcish Mines)

   rC:        It protects you from cold.
   rElec:     It insulates you from electricity.
   -Cast:     It prevents spellcasting.
Jewellery
 i - an amulet of regeneration (around neck)
 p - the ring "Dyruar" (right hand) {rF- rN+++ rCorr AC+4 Str+3}
   (You acquired it in an ossuary)

   [ring of protection]

   AC:        It affects your AC (+4).
   Str:       It affects your strength (+3).
   rF:        It makes you vulnerable to fire.
   rN:        It renders you almost immune to negative energy.
   rCorr:     It protects you from acid and corrosion.
 r - the ring "Gidduate" (left hand) {rN+ Str+5 Int+3}
   (You bought it in a shop on level 6 of the Dungeon)

   [ring of positive energy]

   Str:       It affects your strength (+5).
   Int:       It affects your intelligence (+3).
   rN:        It protects you from negative energy.
 D - a +6 ring of intelligence
Wands
 n - a wand of flame (26)
 B - a wand of iceblast (7)
 C - a wand of acid (3)
 E - a wand of charming (6)
 F - a wand of digging (5)
 G - a wand of mindburst (17)
Scrolls
 g - 2 scrolls of amnesia
 m - a scroll of teleportation
 t - 2 scrolls of fog
 v - a scroll of silence
 x - a scroll of magic mapping
 y - 3 scrolls of identify
Potions
 b - 3 potions of brilliance
 c - 2 potions of heal wounds
 d - 6 potions of haste
 e - a potion of magic
 h - 2 potions of flight {unknown}
 k - 2 potions of attraction {unknown}
 l - a potion of ambrosia {unknown}
 o - 5 potions of curing
 q - 6 potions of might
 s - 4 potions of degeneration
 w - a potion of berserk rage {unknown}
 A - 2 potions of mutation {unknown}
 O - a potion of cancellation {unknown}
Miscellaneous
 J - a piece from Xom's chessboard (1/15)


   Skills:
 * Level 12.4 Fighting
 + Level 12.7 Long Blades
 + Level 8.2 Dodging
 + Level 4.4 Shields
 + Level 2.6 Evocations


You had 8 spell levels left.
You knew the following spells:

 Your Spells              Type           Power      Damage    Failure   Level
a - Ozocubu's Armour      Ice            0%         N/A       38%         3

Your spell library contained the following spells:

 Spells                   Type           Power      Damage    Failure   Level
 Freeze                   Ice            0%         1d3       14%         1
 Corpse Rot               Necr/Air       N/A        N/A       21%         2
 Poisonous Vapours        Pois/Air       0%         N/A       21%         2
 Call Canine Familiar     Summ           0%         N/A       38%         3
 Conjure Flame            Conj/Fire      0%         6-21      38%         3
 Ignite Poison            Fire/Tmut/Pois 0%         N/A       38%         3
 Mephitic Cloud           Conj/Pois/Air  0%         N/A       38%         3
 Sticky Flame             Conj/Fire      0%         2d3       80%         4
 Bolt of Magma            Conj/Fire/Erth 0%         4d4       98%         5
 Freezing Cloud           Conj/Ice/Air   0%         6-21      98%         5
 Haunt                    Necr/Summ      0%         N/A       100%        7
 Monstrous Menagerie      Summ           0%         N/A       100%        7
 Ozocubu's Refrigeration  Ice            0%         4d5       100%        7
 Summon Hydra             Summ           0%         N/A       100%        7


Dungeon Overview and Level Annotations

Branches:
Dungeon (12/15)            Temple (0/1) D:7            Lair (0/6) D:9
    Orc (1/2) D:9           Sewer (visited)         Ossuary (visited)

Altars:
Ashenzari
Dithmenos
Fedhas
Gozag
Makhleb
Nemelex Xobeh
Okawaru
Qazlal
Sif Muna
Trog
Uskayaw
Vehumet
Wu Jian
Xom
Yredelemnul
The Shining One
Beogh

Shops:
D:3 ?*!?   D:4 [   D:5 !   D:6 *   D:7 *   D:9 (

Portals:
Trove: D:12 (give staff of Olgreb)


Innate Abilities, Weirdness & Mutations

You can breathe blasts of scalding, opaque steam.
Your pale cyan-grey scales are hard. (AC +8)
You cannot fit into any form of body armour.
You are cold-blooded and may be slowed by cold attacks.
You are immune to the effects of steam.
You have large cloven feet.
Your tail ends in a poisonous barb.
Your flesh is heat resistant. (rF+)


Message History

The orc sorcerer blinks!
The red devil blinks!
The orc warrior blinks! x2
The orange demon blinks!
The red devil blinks!
The orc warrior blinks! x2
The red devil blinks!
The orc warrior blinks!
You blink.
The orc warrior blinks!
The orc warrior enters a dispersal trap!
The orc sorcerer blinks! x2; The orc warrior blinks!
The orc blinks!
The orange demon blinks!
The orc warrior blinks! x2; The orc sorcerer blinks!
The orc warrior blinks! x2; The orc blinks!
You blink.
The orc warrior blinks!
The orc warrior hits you but does no damage.
The orange demon stings you.
The orange demon hits you but does no damage.
The orc warrior throws a boomerang.
The boomerang hits you but does no damage.
The orange demon closely misses you. The orc sorcerer casts a spell at you.
You suddenly lose the ability to move!
The red devil hops backward while attacking.
The red devil hits you but does no damage.
The orc warrior hits you but does no damage.
Xom adds some personal touches to your environment.
The orange demon disappears in a puff of smoke!
The orc warrior hits you with a +0 war axe.
The orc sorcerer gestures at you while chanting.
The bolt of fire hits you!!
* * * LOW HITPOINT WARNING * * *
The orc warrior hits you but does no damage.
The red devil hits you from afar with a +0 trident.
* * * LOW HITPOINT WARNING * * *
The orc warrior hits you but does no damage.
The red devil hits you from afar with a +2 vampiric demon trident!
* * * LOW HITPOINT WARNING * * *
The orc warrior completely misses you.
The red devil hits you from afar with a +0 trident.
* * * LOW HITPOINT WARNING * * *
The orc warrior hits you with a +0 war axe!
* * * LOW HITPOINT WARNING * * *
The orc hits you but does no damage.
The red devil hits you from afar with a +2 vampiric demon trident!
You die...
Xom bursts into laughter!

.###.......§#.4.#.§....##.##
..###................###...#
.#.#..........#.....#####.##
......#.......#....###.##.##
.......#...#.....o.[#......##
.##.........#......))<..#...#
####............4)4.))..##..##
# ##........_^...##.....#...#
#######......o§o@..###....#.##
##..##.#...o...ooo## ###.####
#.......#........)#### ###
.....[.......>.....#.##
....[[÷...............#
#.#................#.##
#...................##
....#.#..............####
#.##...#.............##.##


You could see an orc sorcerer, 2 red devils, 4 orc warriors and 2 orcs.

Vanquished Creatures
  A death knight (D:12)
  3 two-headed ogres
  An orc high priest (Orc:1)
  Pikel (D:7)
  2 cyclopes
  2 ugly things
  Maggie (D:7)
  A gargoyle (D:11)
  2 kobold demonologists
  Psyche (D:10)
  2 tengu conjurers (D:10)
  2 trolls
  A hornet (D:11)
  Prince Ribbit (D:8)
  Sigmund (D:5)
  2 wyverns
  A wraith (D:10)
  3 yaks (D:8)
  3 steam dragons
  Menkaure (D:7)
  2 wargs (Orc:1)
  2 water moccasins
  10 orc warriors
  4 sky beasts
  2 ogres
  A necrophage (D:5)
  5 centaurs
  A lemure (D:7)
  4 kobold brigands
  A phantom (D:7)
  Blork the orc (D:6)
  3 scorpions
  4 bullfrogs
  2 gnoll sergeants
  2 water moccasin zombies (Ossuary)
  7 wights
  4 electric eels (D:9)
  3 howler monkeys
  A bullfrog zombie (D:6)
  7 centaur zombies
  6 orc priests
  4 bullfrog skeletons
  2 centaur skeletons
  A hound (D:7)
  A jelly (D:6)
  3 iguanas
  Ijyb (D:4)
  26 orc wizards
  Natasha (thrice) (D:3)
  2 killer bee zombies
  2 mummies (Ossuary)
  2 howler monkey zombies
  14 adders
  11 gnolls
  A shadow imp (D:7)
  3 white imps (D:6)
  An ufetubus (D:7)
  2 adder zombies (Ossuary)
  3 worms
  3 dart slugs
  58 orcs
  17 ball pythons
  9 endoplasms
  21 giant cockroaches
  5 gnoll zombies (Ossuary)
  6 goblins
  6 hobgoblins
  12 jackals
  10 kobolds
  20 quokkas
  9 bats
  14 frilled lizards
  A hobgoblin zombie (Ossuary)
  4 kobold zombies (Ossuary)
  8 orc zombies (Ossuary)
  7 rats
396 creatures vanquished.

Vanquished Creatures (others)
  2 water moccasin zombies (Ossuary)
  An orc (Orc:1)
  2 gnoll zombies (Ossuary)
  2 hobgoblin zombies (Ossuary)
  2 plants (D:9)
9 creatures vanquished.

Grand Total: 405 creatures vanquished

Notes
Turn   | Place    | Note
-------+----------+-------------------------------------------
     0 | D:1      | Lekart the Draconian Chaos Knight began the quest for the
                  | Orb.
     0 | D:1      | Reached XP level 1. HP: 19/19 MP: 1/1
    80 | D:1      | XOM: smoke on damage
   218 | D:1      | Reached XP level 2. HP: 10/27 MP: 2/2
   647 | D:1      | XOM is BORED!
   647 | D:1      | XOM: silly message
  1004 | D:2      | Reached XP level 3. HP: 33/33 MP: 3/3
  1394 | D:2      | Reached XP level 4. HP: 29/41 MP: 4/4
  1506 | D:2      | XOM: potion effect (might)
  1517 | D:2      | Found a faded altar of an unknown god.
  1805 | D:3      | Found Ekhly's Distillery.
  1852 | D:3      | Found Rumn's Magic Scroll Shop.
  1859 | D:3      | Noticed Natasha
  1863 | D:3      | Killed Natasha
  1868 | D:3      | XOM: 5-stop teleportation journey
  1906 | D:3      | Bought a scroll of teleportation for 30 gold pieces
  1955 | D:3      | Reached XP level 5. HP: 45/47 MP: 5/5
  1958 | D:3      | Reached skill level 5 in Fighting
  2042 | D:3      | Found Voluled's Assorted Antiques.
  2042 | D:3      | XOM: 7-stop teleportation journey
  2043 | D:3      | Noticed Natasha
  2048 | D:3      | Killed Natasha
  2123 | D:3      | Found a glowing golden altar of the Shining One.
  2168 | D:3      | Noticed Natasha
  2175 | D:3      | Killed Natasha
  2176 | D:3      | Reached XP level 6. HP: 45/56 MP: 6/6
  2278 | D:3      | Found Rudooblo's Magic Scroll Shoppe.
  2290 | D:3      | Bought a scroll of magic mapping for 45 gold pieces
  2338 | D:3      | XOM: scenery: summon butterflies
  2535 | D:4      | Noticed Ijyb
  2540 | D:4      | XOM: give mutation
  2540 | D:4      | Gained mutation: You have large cloven feet. [Xom's grace]
  2555 | D:4      | Killed Ijyb
  2578 | D:4      | Found Cuyxkaar's Armour Emporium.
  2604 | D:4      | Found a sand-covered staircase.
  2609 | Ossuary  | Entered an ossuary
  2640 | Ossuary  | XOM: confuse monster(s)
  2650 | Ossuary  | Reached skill level 5 in Long Blades
  2735 | Ossuary  | XOM: divine lightning
  2783 | Ossuary  | XOM: 1-stop teleportation journey
  2831 | Ossuary  | Identified a scroll of acquirement
  2831 | Ossuary  | Acquired the ring "Dyruar" {rF- rN+++ rCorr AC+4 Str+3}
  2953 | D:4      | XOM: divination: detect creatures
  2973 | D:4      | Found a broken altar of Ashenzari.
  3033 | D:4      | XOM: 3-stop teleportation journey
  3278 | D:4      | XOM: god gift: Xom's Compendium of the Miller {god gift}
  3279 | D:4      | Got Xom's Compendium of the Miller {god gift}
  3284 | D:4      | Learned a level 3 spell: Ozocubu's Armour
  3422 | D:4      | Your scales start taking on a pale cyan-grey colour.
  3422 | D:4      | Reached XP level 7. HP: 58/62 MP: 7/7
  3422 | D:4      | Gained mutation: You are immune to the effects of steam.
                  | [Pale Draconian growth]
  3592 | D:5      | Entered Level 5 of the Dungeon
  3613 | D:5      | Found a glowing drain.
  3633 | Sewer    | Entered a sewer
  3946 | Sewer    | XOM: polymorph bullfrog -> water moccasin
  4106 | D:5      | Reached XP level 8. HP: 27/71 MP: 8/8
  4182 | D:5      | XOM: god gift: bardiche {god gift}
  4192 | D:5      | Acquired 722 gold pieces
  4310 | D:3      | Bought a scroll of acquirement for 676 gold pieces
  4310 | D:3      | Acquired the +11 scimitar of Midsummer {speed, rPois rF+
                  | rCorr Int-3}
  4444 | D:5      | Reached skill level 5 in Dodging
  4455 | D:5      | Found Middijon's Distillery.
  4458 | D:5      | Bought a potion of degeneration for 10 gold pieces
  4458 | D:5      | Bought a potion of might for 40 gold pieces
  4458 | D:5      | Bought a potion of curing for 30 gold pieces
  4548 | D:5      | Noticed Sigmund
  4553 | D:5      | Killed Sigmund
  4597 | D:5      | XOM: give mutations
  4597 | D:5      | Gained mutation: Your muscles are strong. (Str +2) [Xom's
                  | grace]
  4597 | D:5      | Gained mutation: Your tail ends in a poisonous barb. [Xom's
                  | grace]
  4680 | D:5      | XOM: scenery: create altars
  5021 | D:6      | XOM: swap monsters
  5087 | D:6      | XOM: 9-stop teleportation journey
  5150 | D:6      | XOM: confuse monster(s)
  5158 | D:6      | Reached XP level 9. HP: 81/81 MP: 9/9
  5158 | D:6      | Noticed Blork the orc
  5170 | D:6      | Killed Blork the orc
  5189 | D:6      | XOM: polymorph orc warrior -> steam dragon
  5297 | D:6      | XOM: noise
  5376 | D:6      | Found Himnot's Assorted Antiques.
  5383 | D:6      | Bought a glittering golden ring for 115 gold pieces
  5383 | D:6      | Identified the ring "Gidduate" {rN+ Str+5 Int+3} (You
                  | bought it in a shop on level 6 of the Dungeon)
  5402 | D:6      | Found the +4 Cigotuvi's embrace {rMiasma Drain rN+}
  5421 | D:6      | XOM: summons friendly white imp
  5711 | D:6      | XOM: scenery: summon butterflies
  5824 | D:7      | Noticed Pikel
  5827 | D:7      | XOM: cast spell 'Death Channel'
  5829 | D:7      | Killed Pikel
  5876 | D:7      | Found a staircase to the Ecumenical Temple.
  5967 | D:7      | Noticed Menkaure
  5968 | D:7      | XOM: smoke on damage
  5974 | D:7      | Killed Menkaure
  5995 | D:7      | Reached skill level 10 in Long Blades
  6001 | D:7      | Noticed Maggie
  6010 | D:7      | Killed Maggie
  6073 | D:7      | Found Sopihibar's Assorted Antiques.
  6468 | D:8      | Noticed Prince Ribbit
  6473 | D:8      | Killed Prince Ribbit
  6474 | D:8      | Reached skill level 1 in Shields
  6474 | D:8      | Reached XP level 10. HP: 93/93 MP: 10/10
  6490 | D:8      | Reached skill level 10 in Fighting
  6622 | D:8      | XOM is BORED!
  6622 | D:8      | XOM: give mutations
  6622 | D:8      | Gained mutation: You occasionally shout uncontrollably at
                  | your foes. [Xom's mischief]
  6622 | D:8      | Gained mutation: Your tail ends in a sharp poisonous barb.
                  | [Xom's mischief]
  6622 | D:8      | Gained mutation: Your mind is acute. (Int +2) [Xom's
                  | mischief]
  6677 | D:8      | XOM: stat loss: -1 Int (14/15)
  6719 | D:8      | Found a sparkling altar of Nemelex Xobeh.
  6813 | D:8      | XOM: stat loss: -1 Dex (11/12)
  6860 | D:8      | Identified the +6 scale mail "Damnable Contraption" {rF+
                  | Str+4 Dex-2}
  6871 | D:8      | XOM: give mutations
  6871 | D:8      | Gained mutation: Your flesh is heat resistant. (rF+) [Xom's
                  | mischief]
  6932 | D:8      | Found a hide-covered altar of Uskayaw.
  7003 | D:8      | XOM: confuse monster(s)
  7058 | D:8      | XOM: noise
  7176 | D:9      | Found a staircase to the Orcish Mines.
  7190 | D:9      | Found a staircase to the Lair.
  7619 | D:9      | Found a stormy altar of Qazlal.
  7623 | D:9      | Found a blossoming altar of Fedhas.
  7699 | D:9      | Found Nyulieze's Antique Weapon Shoppe.
  7712 | D:9      | Found a shadowy altar of Dithmenos.
  7767 | D:9      | Found an iron altar of Okawaru.
  7779 | D:9      | Reached skill level 1 in Evocations
  7836 | D:9      | Found an ornate altar of the Wu Jian Council.
  7838 | D:9      | Found a shimmering blue altar of Sif Muna.
  7838 | D:9      | Found an opulent altar of Gozag.
  7840 | D:9      | Found a burning altar of Makhleb.
  7841 | D:9      | Found a basalt altar of Yredelemnul.
  7842 | D:9      | Found a bloodstained altar of Trog.
  7986 | D:10     | XOM: stealth player
  7986 | D:10     | Entered Level 10 of the Dungeon
  8007 | D:10     | XOM: summons 6 hostile demons
  8008 | D:10     | Noticed a smoke demon
  8008 | D:10     | Noticed a sixfirhy
  8110 | D:10     | XOM: silly message
  8113 | D:10     | XOM: polymorph orc wizard -> scorpion
  8138 | D:10     | Found a radiant altar of Vehumet.
  8243 | D:10     | XOM: summons 6 hostile demons
  8748 | D:11     | Noticed a two-headed ogre
  8751 | D:11     | Noticed a two-headed ogre
  8753 | D:11     | Noticed Psyche
  8795 | D:10     | Killed Psyche
  8831 | D:10     | XOM: noise
  8835 | D:10     | XOM: noise
  8840 | D:10     | Killed a two-headed ogre
  8841 | D:10     | Reached XP level 11. HP: 31/102 MP: 11/11
  9043 | D:11     | Noticed a two-headed ogre
  9044 | D:11     | Noticed a purple ugly thing
  9054 | D:11     | XOM: give mutations
  9054 | D:11     | Lost mutation: Your muscles are strong. (Str +2) [Xom's
                  | mischief]
  9054 | D:11     | Lost mutation: Your tail ends in a sharp poisonous barb.
                  | [Xom's mischief]
  9054 | D:11     | Lost mutation: Your mind is acute. (Int +2) [Xom's
                  | mischief]
  9055 | D:11     | Killed a two-headed ogre
  9058 | D:11     | Killed a purple ugly thing
  9197 | D:11     | Killed a two-headed ogre
  9358 | D:12     | Noticed a death knight
  9365 | D:12     | Killed a death knight
  9404 | D:11     | Acquired 941 gold pieces
  9474 | D:9      | Bought a pitted scimitar for 207 gold pieces
  9474 | D:9      | Identified the +4 scimitar of the Boiling Point {vorpal,
                  | +Blink rF+} (You bought it in a shop on level 9 of the
                  | Dungeon)
  9482 | D:9      | Bought a faintly glowing flail for 195 gold pieces
  9482 | D:9      | Identified the +6 flail "Readik" {vamp, rC+} (You bought it
                  | in a shop on level 9 of the Dungeon)
  9575 | D:7      | Bought a twisted dagger for 224 gold pieces
  9575 | D:7      | Identified the +3 dagger "Ovanear" {pain, rElec} (You
                  | bought it in a shop on level 7 of the Dungeon)
  9660 | D:4      | Bought a +1 hat of intelligence for 176 gold pieces
  9755 | D:6      | Identified the +7 triple sword of the Lusting Oracle {vamp,
                  | rElec rPois Int+6 Dex-4 SInv}
  9769 | D:6      | XOM: give mutation
  9769 | D:6      | Lost mutation: You occasionally shout uncontrollably at
                  | your foes. [Xom's mischief]
  9907 | D:12     | XOM: noise
  9912 | D:12     | Noticed a cyan ugly thing
  9923 | D:12     | Killed a brown ugly thing
  9941 | D:12     | XOM: summons 6 hostile demons
 10035 | D:11     | XOM: stat loss: -1 Int (24/25)
 10102 | D:12     | Found a portal to a secret trove of treasure.
 10220 | Orc:1    | Entered Level 1 of the Orcish Mines
 10223 | Orc:1    | XOM: cast spell 'Alistair's Intoxication'
 10492 | Orc:1    | Noticed an orc high priest
 10502 | Orc:1    | Noticed a sixfirhy
 10508 | Orc:1    | XOM: swap monsters
 10509 | Orc:1    | Killed an orc high priest
 10513 | Orc:1    | XOM: cast spell 'Call Canine Familiar'
 10532 | Orc:1    | XOM: potion effect (haste)
 10537 | Orc:1    | XOM: summons friendly quasit
 10540 | Orc:1    | XOM: chaos upgrade
 10604 | Orc:1    | XOM: noise
 10705 | Orc:1    | Noticed an orc knight
 10705 | Orc:1    | Noticed an orc sorcerer
 10713 | Orc:1    | XOM: divination: detect items
 10714 | Orc:1    | XOM: confuse monster(s)
 10721 | Orc:1    | XOM: confusion (+ monsters)
 10746 | Orc:1    | XOM: 1-stop teleportation journey
 10746 | Orc:1    | Noticed an orc warlord
 10746 | Orc:1    | Noticed an orc sorcerer
 10747 | Orc:1    | Noticed an orc warlord
 10751 | Orc:1    | Noticed an orc knight
 10753 | Orc:1    | XOM: divination: detect items
 10755 | Orc:1    | Identified the +2 pair of gloves of the Realm of Zot {-Cast
                  | rElec rC+}
 10766 | Orc:1    | Reached XP level 12. HP: 57/113 MP: 12/12
 10798 | Orc:1    | Paralysed by an orc sorcerer for 4 turns
 10799 | Orc:1    | XOM: scenery: create altars
 10801 | Orc:1    | HP: 3/113 [orc warrior (9)]
 10801 | Orc:1    | Slain by a red devil

Illustrated notes

Levels and vault maps discovered:
D:1:      nzn_arrival_crosshair, layout_basic, hex_medium
D:2:      layout_basic, hellmonk_ecumenical_altar_arch_garden,
          grunt_ministairs_2
D:3:      layout_loops_ring, tso_altar, serial_shops, shop, shop_statue, shop,
          nicolae_shop_statue_plus, chequers_serial_rivers_small_a,
          kennysheep_orc_chapel, uniq_natasha
D:4:      layout_basic, ashenzari_conservatory_becter, serial_shops,
          nicolae_stop_n_shop_1, nicolae_ossuary_entry_false_entrances,
          uniq_ijyb
D:5:      layout_gridville, gup_sewer_entry_pipe, serial_shops, kennysheep_mini,
          minmay_misc_feat_more_columns, uniq_sigmund
D:6:      layout_basic, serial_shops, nicolae_shop_stone, sword_in_stone
D:7:      layout_loops_ring, minmay_temple_entry_offerings, serial_shops, shop,
          uniq_maggie, uniq_pikel, uniq_menkaure
D:8:      layout_loops_ring, nemelex_diamond_rough_becter,
          kennysheep_little_box, special_room [special_room_orc],
          uniq_prince_ribbit1
D:9:      wad_lake_hut, layout_cave_pools,
          nicolae_dithmenos_through_a_glass_darkly, okawaru_ov_weapons_minmay,
          mainiacjoe_overflow_tiny_flanked, minitemple, lair_entry_dummy,
          serial_shops, kennysheep_mini_moat
D:10:     minmay_flawed_box, layout_basic, fiery_altar_vehumet, minmay_holes
D:11:     layout_rooms, uniq_psyche
D:12:     layout_irregular_city, enter_trove_0
Orc:1:    layout_caves, minmay_orc_treasury

Skill      XL: |  1  2  3  4  5  6  7  8  9 10 11 |
---------------+----------------------------------+-----
Fighting       | 4 5 6 8 9 11 12 | 12.4
Long Blades    | 4 5 6 8 10 11 12 | 12.7
Dodging        | 3 4 5 6 7 8 |  8.2
Shields        | 1 3 4 |  4.4
Evocations     | 1 2 |  2.6

Action                   |  1- 3 |  4- 6 |  7- 9 | 10-12 || total
-------------------------+-------+-------+-------+-------++-------
Melee: Falchion          |   105 |   225 |   212 |       ||   542
       Tailslap          |    12 |    28 |    49 |    52 ||   141
       Scimitar          |       |       |   136 |   213 ||   349
       Great sword       |       |       |    13 |       ||    13
       Triple sword      |       |       |       |    83 ||    83
Throw: Dart              |       |       |       |     2 ||     2
 Abil: Breathe Steam     |       |       |     6 |     8 ||    14
       Evoke Invisibilit |       |       |       |     1 ||     1
Evoke: Piece from Xom's  |       |       |       |    21 ||    21
       Wand              |       |       |       |     9 ||     9
  Use: Scroll            |       |     7 |     9 |    10 ||    26
       Potion            |       |       |       |     5 ||     5
 Stab: Sleeping          |     1 |     1 |       |       ||     2
       Paralysed         |       |       |     1 |     2 ||     3
       Confused          |       |       |     1 |       ||     1
       Petrified         |       |       |       |     2 ||     2
Armor: Skin              |    58 |    75 |   190 |   202 ||   525
Dodge: Dodged            |   105 |   152 |   281 |   271 ||   809
Block: Kite shield       |       |       |    15 |    99 ||   114
       Rpst.: Falchion   |    25 |    43 |    48 |       ||   116
       Great sword       |       |       |     6 |       ||     6
       Scimitar          |       |       |    23 |    25 ||    48
       Triple sword      |       |       |       |    28 ||    28

Table legend: (Time is in decaauts)
 A = Elapsed time spent in this place.
 B = Non-inter-level travel time spent in this place.
 C = Inter-level travel time spent in this place.
 D = Time resting spent in this place.
 E = Time spent auto-exploring this place.
 F = Levels seen in this place.
 G = Mean time per level.
                   A        B        C        D        E       F      G
               +--------+--------+--------+--------+--------+-----+--------+
         Total |  10938 |   9937 |   1001 |    759 |   6656 |  15 |  729.2 |
       Dungeon |   9717 |   8716 |   1001 |    738 |   6134 |  12 |  809.8 |
  Orcish Mines |    539 |    539 |      0 |      2 |    289 |   1 |  539.0 |
         Sewer |    446 |    446 |      0 |     19 |    112 |   1 |  446.0 |
       Ossuary |    234 |    234 |      0 |      0 |    121 |   1 |  234.0 |
               +--------+--------+--------+--------+--------+-----+--------+

Top non-repeatable levels by time:
     D:9: 1199 daAuts
     D:5: 1005 daAuts
     D:6: 897 daAuts
     D:4: 890 daAuts
     D:1: 877 daAuts
     D:2: 876 daAuts
     D:3: 852 daAuts
     D:8: 775 daAuts
    D:10: 758 daAuts
     D:7: 732 daAuts
    D:11: 664 daAuts
   Orc:1: 539 daAuts
   Sewer: 446 daAuts
 Ossuary: 234 daAuts
    D:12: 187 daAuts
